 Dungeon Crawl Stone Soup version 0.30-a0-368-g86fb4627a9 (webtiles) character file.

Game seed: 12311565560066824546

928 RascalDebosk the Magician (level 8, -9/56 HPs)
             Began as a Djinni Earth Elementalist on Nov 19, 2022.
             Mangled by a gnoll
             ... wielding a +0 halberd
             ... led by a gnoll bouda
              (13 damage)
             ... on level 5 of the Dungeon.
             The game lasted 00:34:37 (4656 turns).

RascalDebosk the Magician (DjEE)                    Turns: 4656, Time: 00:34:37

Health: -9/56      AC:  2    Str:  7    XL:     8   Next: 32%
Gold:   192        EV: 13    Int: 19    God:
                   SH:  0    Dex: 14

rFire   + + .      SeeInvis .    m - +1 falchion
rCold   x . .      Faith    .    (no shield)
rNeg    . . .      Spirit   .    a - +0 robe
rPois   ∞          Reflect  .    (no helmet)
rElec   .          Harm     .    (no cloak)
rCorr   .          Rampage  .    (no gloves)
Will    .....                    (boots unavailable)
Stlth   ++........               (no amulet)
HPRegen 0.29/turn                (no ring)
MPRegen 0.00/turn                (no ring)

@: weakened, flying
A: sickness immunity, fire resistance 2, cold vulnerability 1, float, innate
caster, HP casting, extra vitality 1
a: no special abilities


You were on level 5 of the Dungeon.
You visited 1 branch of the dungeon, and saw 5 of its levels.
You also visited: Sewer.

You collected 192 gold pieces.

Inventory:

Hand Weapons
 m - a +1 falchion (weapon)
 u - a +0 rapier
Armour
 a - a +0 robe (worn)
Magical Staves
 c - a staff of air
Scrolls
 b - a scroll of immolation {unknown}
 g - 3 scrolls of blinking
 i - a scroll of identify
 n - a scroll of enchant armour {unknown}
 o - a scroll of vulnerability {unknown}
 t - 2 scrolls of teleportation
 w - 4 scrolls of enchant weapon
Potions
 d - a potion of cancellation
 e - a potion of lignification
 f - 2 potions of haste {unknown}
 h - a potion of ambrosia {unknown}
 j - a potion of heal wounds {unknown}
 k - 4 potions of curing
 l - 3 potions of attraction
 p - 3 potions of might
 q - a potion of flight {unknown}
 r - 2 potions of degeneration {unknown}
 s - a potion of resistance {unknown}
 v - a potion of brilliance {unknown}


   Skills:
 + Level 3.1 Fighting
 + Level 4.3 Dodging
 - Level 1.5 Stealth
 * Level 6.3 Spellcasting


You had 3 spell levels left.
You knew the following spells:

 Your Spells              Type           Power      Damage    Failure   Level
a - Sandblast             Erth           58%        2d13      1%          1
b - Passwall              Tmut/Erth      24%        N/A       1%          2
c - Stone Arrow           Conj/Erth      58%        3d10      2%          3
d - Petrify               Tmut/Erth      29%        N/A       9%          4
e - Summon Small Mammal   Summ           100%       N/A       1%          1
f - Momentum Strike       Conj/Tloc      58%        3d9       1%          2
g - Vhi's Electric Charg  Tloc/Air       58%        N/A       2%          3
Your spell library was empty.

Dungeon Overview and Level Annotations

Branches:
Dungeon (5/15)              Sewer (visited)
 Temple: D:4-7

Altars:
Elyvilon
Makhleb
Nemelex Xobeh

Shops:
D:5 *


Innate Abilities, Weirdness & Mutations

You are immune to sickness and miasma.
You are immune to poison.
Your flesh is very heat resistant. (rF++)
You are vulnerable to cold. (rC-)
You float through the air rather than walking.
You learn spells naturally, not from books.
Your magical power is your life essence.
You have superior vitality. (+4 MHP)


Message History

Your Dodging skill increases to level 4!
Your Spellcasting skill increases to level 6!
You have reached level 8!
You feel agile.
You now have 192 gold pieces (gained 15).
Aiming: Sandblast (safe; 1% risk of failure)
Press: ? - help, Q - select action, (/) - cycle Shift-Dir - straight line, f - jelly
Aim: a jelly (100% to hit)
The blast of sand hits the jelly!!
You kill the jelly!
f - 2 glowing white potions (gained 1)
Found 10 gold pieces.
Things that are here:
a +0 scythe; a +0 robe; the human corpse of Sigmund
There is a stone staircase leading up here.
t - 2 scrolls of teleportation (gained 1)
A howler monkey comes into view.
A jelly comes into view.
You see here a scroll of identify.
i - a scroll of identify;
v - a yellow potion A gnoll comes into view.
It is wielding a +0 spear.
Aiming: Sandblast (safe; 1% risk of failure)
Press: ? - help, Q - select action, (/) - cycle Shift-Dir - straight line, f - jelly
Aim: a jelly (asleep, 100% to hit)
The blast of sand hits the jelly!!
You kill the jelly!
The gnoll shouts!
You hear a shout!
Found a runed robe.
Aiming: Sandblast (safe; 1% risk of failure)
Press: ? - help, Q - select action, (/) - cycle Shift-Dir - straight line, f - gnoll
Aim: a gnoll, wielding a +0 spear (85% to hit)
The blast of sand hits the gnoll!!
You kill the gnoll!
A gnoll comes into view. It is wielding a +0 halberd.
A gnoll bouda and 2 gnolls come into view.
The gnoll bouda shouts!
The gnoll shouts!
You hear a shout!
A gnoll comes into view. It is wielding a +0 whip.
Found Qemizoil's Gadget Gallery.
The gnoll bouda barks out a call to the hunt!
The gnoll picks up the pace!
The gnoll shouts!
Aiming: Sandblast (safe; 1% risk of failure)
Press: ? - help, Q - select action, (/) - cycle Shift-Dir - straight line, f - gnoll
Aim: a gnoll, wielding a +0 spear (85% to hit)
The blast of sand hits the gnoll!
You kill the gnoll!
You hear a shout! x2
Aiming: Sandblast (safe; 1% risk of failure)
Press: ? - help, Q - select action, (/) - cycle Shift-Dir - straight line, f - gnoll
Aim: a gnoll, wielding a +0 halberd (covering ground quickly, 85% to hit)
The blast of sand hits the gnoll.
The gnoll is lightly wounded.
The gnoll bouda barks out a call to the hunt!
The gnoll picks up the pace!
The gnoll bouda calls upon its god to heal the gnoll.
The gnoll's wounds heal themselves!
Aiming: Sandblast (safe; 1% risk of failure)
Press: ? - help, Q - select action, (/) - cycle Shift-Dir - straight line, f/p - gnoll
Aim: a gnoll, wielding a +0 halberd (covering ground quickly, 85% to hit)
The blast of sand hits the gnoll.
The gnoll is moderately wounded.
The gnoll hits you with a +0 halberd!
A gnoll comes into view. It is wielding a +0 spear.
Aiming: Sandblast (safe; 1% risk of failure)
Press: ? - help, Q - select action, (/) - cycle Shift-Dir - straight line, f/p - gnoll
Aim: a gnoll, wielding a +0 halberd (moderately wounded, covering ground quickly, 85% to hit)
The blast of sand hits the gnoll.
The gnoll is severely wounded.
The gnoll barely misses you. The gnoll closely misses you. x3
The gnoll completely misses you.
A gnoll comes into view. It is wielding a +0 club.
The gnoll barely misses you.
The gnoll bouda barks out a call to the hunt!
The gnolls pick up the pace!
The gnoll attacks as you move away! The gnoll closely misses you.
Found 12 gold pieces.
The gnoll hits you from afar with a +0 halberd!
The gnoll barely misses you.
The gnoll bouda gazes fiercely through you!
You feel your attacks grow feeble. The gnoll attacks as you move away!
The gnoll hits you with a +0 whip.
The gnoll is no longer moving quickly.
The gnoll barely misses you. The gnoll attacks as you move away!
The gnoll hits you with a +0 club.
* * * LOW HITPOINT WARNING * * *
The gnoll attacks as you move away! The gnoll hits you with a +0 whip.
* * * LOW HITPOINT WARNING * * *
The gnoll bouda calls upon its god to heal the gnoll.
The gnoll is healed somewhat.
The gnoll hits you with a +0 club!
* * * LOW HITPOINT WARNING * * *
The gnoll misses you.
The gnoll bouda barks out a call to the hunt!
The gnoll picks up the pace!
The gnoll hits you from afar with a +0 spear!
* * * LOW HITPOINT WARNING * * *
The gnoll attacks as you move away! The gnoll barely misses you.
The gnoll hits you from afar with a +0 spear.
* * * LOW HITPOINT WARNING * * *
The gnoll hits you from afar with a +0 halberd!
You die...

##.........# #...
##.......## #..
#........# #.## ...
#..g...#.###..#.....
#.##......#.##..##.....
#.......................
#.........ggg...........
..#......>..g..........#.
$ #.........g.@........#
........................
............>.........##
......................#
.................##.##
.........##.##...#.#
......#..#.#..#...
.....##...).##...
........._........


You could see a gnoll bouda and 5 gnolls.

Vanquished Creatures
  Sigmund (D:5)
  2 bullfrogs (Sewer)
  A scorpion (D:4)
  A hound (D:4)
  2 jellies (D:5)
  3 orc priests (D:4)
  Jessica (D:2)
  An iguana (D:4)
  Natasha (thrice) (D:2)
  An orc wizard (D:4)
  2 gnolls (D:5)
  8 adders
  A worm (D:3)
  2 dart slugs (D:3)
  10 orcs
  20 endoplasms
  7 giant cockroaches
  12 hobgoblins
  7 jackals (D:3)
  7 kobolds
  13 quokkas
  17 ball pythons
  5 bats
  15 frilled lizards
  8 goblins
  8 rats
158 creatures vanquished.

Vanquished Creatures (others)
  An adder (D:4)
1 creature vanquished.

Grand Total: 159 creatures vanquished

Notes
Turn   | Place    | Note
-------+----------+-------------------------------------------
     0 | D:1      | RascalDebosk the Djinni Earth Elementalist began the quest
                  | for the Orb.
     0 | D:1      | RascalDebosk set off with the following spells memorised:
                  | Sandblast, Passwall, Stone Arrow, Petrify.
     0 | D:1      | Reached XP level 1. HP: 15/15 MP: 0/0
    59 | D:1      | Reached XP level 2. HP: 20/21 MP: 0/0
   139 | D:1      | Reached skill level 3 in Spellcasting
   396 | D:1      | Reached XP level 3. HP: 21/25 MP: 0/0
   396 | D:1      | Learned a level 1 spell: Summon Small Mammal
   887 | D:2      | Reached XP level 4. HP: 31/31 MP: 0/0
  1172 | D:2      | Noticed Natasha
  1177 | D:2      | Killed Natasha
  1178 | D:2      | Reached skill level 4 in Spellcasting
  1263 | D:2      | Noticed Natasha
  1272 | D:2      | Killed Natasha
  1273 | D:2      | Reached XP level 5. HP: 9/35 MP: 0/0
  1273 | D:2      | Learned a level 2 spell: Momentum Strike
  1460 | D:2      | Noticed Jessica
  1465 | D:2      | Killed Jessica
  1502 | D:2      | Noticed Natasha
  1513 | D:2      | HP: 1/35 [Natasha/magic dart (8)]
  1514 | D:2      | Killed Natasha
  1779 | D:3      | Found a white marble altar of Elyvilon.
  1898 | D:3      | Found a burning altar of Makhleb.
  1959 | D:3      | Reached XP level 6. HP: 35/40 MP: 0/0
  2098 | D:3      | Reached skill level 5 in Spellcasting
  2380 | D:3      | Found a faded altar of an unknown god.
  3069 | D:4      | Reached skill level 1 in Fighting
  3120 | D:4      | Found a glowing drain.
  3124 | Sewer    | Entered a sewer
  3303 | Sewer    | Reached XP level 7. HP: 45/47 MP: 0/0
  3303 | Sewer    | Learned a level 3 spell: Vhi's Electric Charge
  4598 | D:5      | Entered Level 5 of the Dungeon
  4600 | D:5      | Found a sparkling altar of Nemelex Xobeh.
  4601 | D:5      | Noticed Sigmund
  4606 | D:5      | Killed Sigmund
  4607 | D:5      | Reached skill level 6 in Spellcasting
  4607 | D:5      | Reached XP level 8. HP: 43/56 MP: 0/0
  4641 | D:5      | Found Qemizoil's Gadget Gallery.
  4656 | D:5      | Mangled by a gnoll

Illustrated notes

Levels and vault maps discovered:
D:1:      reono_arrival_forest_river, layout_basic, minmay_misc_feat_alley
D:2:      layout_basic, uniq_natasha, uniq_jessica
D:3:      layout_basic, lightli_temple_of_fire, lemuel_doored_altar,
          amcnicky_altar_gilded, ebering_ecumenical_altar_webs, minmay_quantized
D:4:      layout_basic, gup_sewer_entry_bowl, grunt_decor_fettered
D:5:      layout_cave_pools, nicolae_overflow_hidden_temple,
          mainiacjoe_overflow_small_starburst,
          nicolae_hepliaklqana_ecumenical_no_more, xom_redecorated,
          serial_shops, shop, corexii_shack, nicolae_shop_gadgets, uniq_sigmund

Skill      XL: |  1  2  3  4  5  6  7 |
---------------+----------------------+-----
Spellcasting   | 3 4 5 6 |  6.3
Fighting       | 1 3 |  3.1
Dodging        | 4 |  4.3
Stealth        | |  1.5

Action                   |  1- 3 |  4- 6 |  7- 9 || total
-------------------------+-------+-------+-------++-------
Melee: Falchion          |       |     6 |    11 ||    17
 Cast: Sandblast         |    50 |   111 |    38 ||   199
       Stone Arrow       |     2 |     9 |    13 ||    24
       Petrify           |       |     5 |     4 ||     9
       Vhi's Electric Ch |       |       |     2 ||     2
       Momentum Strike   |       |       |     1 ||     1
  Use: Scroll            |       |     6 |     1 ||     7
Armor: Robe              |       |     2 |     7 ||     9
Dodge: Dodged            |     4 |    24 |    41 ||    69

Table legend: (Time is in decaauts)
 A = Elapsed time spent in this place.
 B = Non-inter-level travel time spent in this place.
 C = Inter-level travel time spent in this place.
 D = Time resting spent in this place.
 E = Time spent auto-exploring this place.
 F = Levels seen in this place.
 G = Mean time per level.
                   A        B        C        D        E       F      G
               +--------+--------+--------+--------+--------+-----+--------+
         Total |   4765 |   4659 |    106 |    676 |   2857 |   6 |  794.2 |
       Dungeon |   4186 |   4080 |    106 |    487 |   2706 |   5 |  837.2 |
         Sewer |    579 |    579 |      0 |    189 |    151 |   1 |  579.0 |
               +--------+--------+--------+--------+--------+-----+--------+

Top non-repeatable levels by time:
     D:4: 1504 daAuts
     D:2: 915 daAuts
     D:1: 859 daAuts
     D:3: 845 daAuts
   Sewer: 579 daAuts
     D:5: 61 daAuts
